Map: 2000 Atmospheres LE

Players

Pumba - Winner!

  • Race: Protoss Protoss
  • League: Diamond
  • Spawn Location: 3:00

THEKING

  • Race: Terran Terran
  • League: Diamond
  • Spawn Location: 7:00

VOD

Have the link to the VOD?

Description

Time

  • Played on: Feb. 15, 2022, 7:37 p.m.
  • Length: 18:44
Show
View Real Time Build Order
Export as new Build Order

Pumba Protoss - Winner!

Build Orders: 1 Gate Expand 

Get SALT Encoding   

  12  0:00  Probe  
  13  0:13  Probe  
  14  0:20  Pylon  
  14  0:25  Probe  
  15  0:38  Probe (Chrono Boost)  
  15  0:41  Gateway  
  16  0:44  Assimilator  
  16  0:49  Probe (Chrono Boost)  
  17  0:54  Probe (Chrono Boost)  
  18  1:06  Probe  
  19  1:18  Probe  
  20  1:24  Nexus  
  20  1:32  Cybernetics Core  
  20  1:35  Probe  
  21  1:48  Assimilator  
  21  1:50  Probe  
  21  1:52  Pylon  
  22  2:02  Probe  
  22  2:07  Adept (Chrono Boost)  
  23  2:10  Warp Gate  
  23  2:14  Probe  
  26  2:26  Probe  
  26  2:27  Robotics Facility  
  25  2:38  Probe  
  26  2:46  Probe (Chrono Boost)  
  28  2:51  Probe (Chrono Boost)  
  28  2:52  Stalker  
  28  2:58  Probe (Chrono Boost)  
  31  3:02  Probe (Chrono Boost)  
  31  3:04  Probe (Chrono Boost)  
  33  3:06  Probe (Chrono Boost)  
  33  3:12  Probe  
  35  3:16  Probe  
  35  3:18  Gateway  
  35  3:19  Gateway  
  36  3:22  Observer  
  36  3:24  Probe  
  38  3:27  Robotics Bay  
  38  3:29  Probe  
  39  3:36  Probe  
  40  3:45  Probe  
  41  3:50  Probe  
  41  3:52  Warp Prism (Chrono Boost), Assimilator  
  41  3:54  Assimilator  
  44  3:57  Probe  
  44  4:00  Pylon  
  45  4:03  Pylon  
  45  4:05  Probe  
  46  4:18  Probe  
  46  4:21  Stalker x3  
  46  4:22  Pylon  
  53  4:25  Disruptor (Chrono Boost)  
  53  4:27  Probe  
  57  4:37  Probe  
  58  4:40  Probe  
  59  4:48  Stalker x3  
  59  4:50  Probe (Chrono Boost)  
  59  4:52  Probe (Chrono Boost)  
  58  5:02  Probe (Chrono Boost)  
  58  5:06  Probe (Chrono Boost)  
  60  5:08  Probe (Chrono Boost)  
  61  5:15  Disruptor (Chrono Boost)  
  61  5:17  Gravitic Drive  
  63  5:30  Probe  
  63  5:31  Probe  
  65  5:40  Sentry  
  65  5:42  Nexus  
  67  5:43  Probe, Pylon  
  67  5:46  Observer  
  69  6:07  Observer  
  69  6:10  Probe  
  69  6:11  Probe  
  72  6:14  Shield Battery  
  72  6:17  Shield Battery x2  
  72  6:19  Pylon  
  72  6:21  Gateway  
  72  6:24  Gateway  
  72  6:25  Probe x2, Gateway  
  74  6:30  Disruptor (Chrono Boost)  
  77  6:36  Robotics Facility  
  77  6:37  Probe x2  
  79  6:40  Twilight Council  
  79  6:42  Forge  
  79  6:51  Probe (Chrono Boost)  
  79  6:52  Assimilator  
  81  6:54  Probe (Chrono Boost)  
  81  6:55  Probe (Chrono Boost)  
  81  6:57  Assimilator  
  81  6:59  Pylon  
  83  7:03  Disruptor (Chrono Boost), Probe (Chrono Boost)  
  83  7:07  Probe (Chrono Boost)  
  80  7:19  Probe  
  81  7:28  Stalker x6  
  89  7:50  Blink (Chrono Boost)  
  86  7:55  Stalker x3  
  86  7:57  Pylon  
  86  7:58  Protoss Ground Weapons Level 1 (Chrono Boost), Pylon  
  85  8:21  Disruptor, Observer  
  89  8:30  Photon Cannon  
  89  8:31  Shield Battery  
  89  8:33  Probe (Chrono Boost)  
  92  8:35  Pylon  
  92  8:38  Probe x2 (Chrono Boost)  
  92  8:40  Photon Cannon  
  93  8:41  Pylon  
  93  8:42  Probe (Chrono Boost)  
  93  8:43  Pylon  
  93  8:46  Probe x2 (Chrono Boost)  
  93  8:47  Probe (Chrono Boost)  
  95  8:50  Stalker x2  
  95  8:51  Stalker x2  
  95  8:54  Disruptor  
  106  8:57  Disruptor, Probe x2  
  106  8:59  Probe  
  112  9:09  Probe  
  113  9:11  Photon Cannon  
  113  9:19  Observer  
  113  9:23  Pylon  
  112  9:27  Probe x2, Pylon  
  112  9:29  Pylon  
  112  9:30  Disruptor  
  117  9:33  Disruptor  
  120  9:41  Charge (Chrono Boost)  
  120  9:44  Pylon  
  120  9:48  Zealot  
  120  9:49  Zealot x5, Protoss Ground Armor Level 1 (Chrono Boost)  
  130  10:07  Observer (Chrono Boost)  
  129  10:13  Stalker x6  
  126  10:18  Pylon  
  129  10:22  Disruptor (Chrono Boost), Photon Cannon  
  129  10:27  Observer (Chrono Boost)  
  130  10:33  Nexus  
  130  10:36  Shield Battery  
  130  10:38  Photon Cannon  
  116  11:00  Stargate  
  116  11:03  Probe x3  
  120  11:11  Observer (Chrono Boost)  
  120  11:12  Observer (Chrono Boost)  
  120  11:15  Probe x3  
  120  11:16  Stalker x3  
  120  11:18  Observer  
  130  11:23  Observer, Gateway  
  130  11:24  Disruptor (Chrono Boost)  
  130  11:25  Disruptor (Chrono Boost), Gateway  
  130  11:27  Probe x3  
  139  11:33  Photon Cannon  
  139  11:39  Probe  
  140  11:47  Protoss Ground Weapons Level 2 (Chrono Boost)  
  140  11:52  Observer  
  140  11:57  Disruptor  
  140  11:59  Disruptor  
  140  12:00  Stalker x5  
  156  12:09  Probe x3, Photon Cannon  
  156  12:12  Assimilator  
  156  12:13  Assimilator  
  158  12:34  Zealot x7  
  158  12:56  Pylon  
  158  12:57  Observer  
  158  12:58  Photon Cannon  
  158  13:06  Nexus  
  158  13:09  Pylon  
  158  13:10  Pylon  
  158  13:12  Zealot x3  
  164  13:13  Nexus, Pylon  
  164  13:24  Disruptor  
  164  13:25  Disruptor  
  170  13:29  Zealot x4  
  109  14:14  Protoss Ground Armor Level 2  
  109  14:15  Stalker x7  
  121  14:22  Dark Shrine  
  121  14:31  Pylon  
  121  14:34  Gateway  
  121  14:37  Gateway  
  121  14:38  Gateway  
  121  14:41  Gateway  
  121  14:45  Gateway  
  107  14:48  Disruptor  
  107  14:49  Disruptor  
  107  14:50  Zealot x3  
  107  14:51  Zealot x4  
  121  14:58  Probe x4  
  125  15:08  Pylon  
  125  15:09  Pylon  
  125  15:10  Probe x2  
  125  15:12  Zealot  
  125  15:13  Zealot x6  
  138  15:23  Photon Cannon  
  138  15:24  Disruptor  
  138  15:25  Disruptor  
  144  15:35  Zealot x12  
  159  16:00  Disruptor  
  159  16:01  Disruptor, Stalker  
  159  16:02  Stalker x5  
  169  16:11  Pylon  
  169  16:14  Assimilator  
  153  16:20  Assimilator  
  139  16:36  Disruptor  
  139  16:37  Disruptor (Chrono Boost)  
  126  16:40  Observer  
  103  16:56  Stalker x5  
  103  16:57  Stalker x6  
  124  17:08  Disruptor (Chrono Boost)  
  124  17:09  Disruptor (Chrono Boost)  
  126  17:17  Stalker x2  
  125  17:37  Disruptor, Pylon  
  125  17:42  Photon Cannon, Probe  
  125  17:43  Photon Cannon  
  129  17:45  Shield Battery  
  129  17:47  Probe, Pylon  
  129  17:50  Disruptor  
  133  17:52  Nexus  
  133  17:55  Pylon  
  133  18:12  Zealot x7  
  147  18:18  Templar Archives  
Show
View Real Time Build Order
Export as new Build Order

THEKING Terran 

Build Orders: Reaper Expand 

Get SALT Encoding   

  12  0:00  SCV  
  13  0:12  SCV  
  14  0:16  Supply Depot  
  14  0:24  SCV  
  15  0:38  SCV  
  15  0:39  Barracks  
  16  0:44  Refinery  
  16  0:50  SCV  
  17  1:02  SCV  
  18  1:26  Orbital Command  
  18  1:27  Reaper  
  19  1:37  Command Center  
  19  1:50  Supply Depot  
  19  1:52  SCV  
  20  2:04  Barracks Reactor, SCV  
  20  2:07  Barracks  
  21  2:16  SCV  
  21  2:19  Barracks  
  22  2:28  SCV  
  23  2:40  SCV, Marine x2  
  26  2:53  SCV  
  26  2:55  Orbital Command  
  26  2:57  Barracks Tech Lab  
  27  3:04  Marine x2  
  28  3:06  SCV  
  29  3:18  Stimpack  
  29  3:19  Barracks Tech Lab  
  29  3:20  Marine  
  29  3:25  SCV x2  
  32  3:27  Marine x2  
  32  3:31  Factory  
  34  3:34  Refinery  
  34  3:38  Marine  
  35  3:42  Marine  
  35  3:45  Marine  
  35  3:47  Marine  
  35  3:48  SCV x2  
  40  4:00  Combat Shield  
  40  4:01  Marine  
  40  4:02  Marine  
  42  4:10  Marine x2  
  44  4:19  Starport  
  44  4:20  SCV x2  
  44  4:22  Refinery  
  44  4:23  Refinery  
  46  4:26  Command Center  
  46  4:38  Factory Reactor  
  46  4:51  SCV  
  46  4:52  Marine  
  46  4:53  SCV  
  46  4:57  Marine  
  46  4:59  Marine  
  45  5:00  Concussive Shells  
  45  5:02  Marauder  
  42  5:10  Marine  
  42  5:12  Engineering Bay  
  42  5:13  Engineering Bay  
  43  5:17  Bunker  
  43  5:25  Marauder  
  45  5:32  Marine  
  46  5:37  Marine  
  46  5:38  SCV x2, Marauder  
  46  5:39  Orbital Command  
  46  5:41  Factory Reactor  
  51  5:46  Marauder  
  51  5:47  Barracks, Medivac  
  51  5:48  Barracks, Medivac  
  57  5:50  SCV x2, Terran Infantry Weapons Level 1  
  59  6:03  SCV x2  
  59  6:05  SCV  
  60  6:15  SCV  
  61  6:41  Barracks Tech Lab x2  
  61  6:44  Terran Infantry Armor Level 1  
  61  6:47  Orbital Command  
  61  6:48  Supply Depot x2  
  61  6:50  Supply Depot  
  61  7:07  Marauder  
  61  7:08  Marine x2  
  61  7:10  Medivac x2, Marauder x3  
  61  7:14  SCV x3  
  74  7:26  SCV, Marine x2  
  77  7:31  Marauder x2  
  80  7:51  Marauder x2, Marine  
  80  7:52  Marine  
  84  7:59  Marauder x2  
  81  8:05  SCV  
  81  8:06  SCV x2  
  81  8:10  Command Center  
  84  8:17  Supply Depot  
  84  8:18  SCV  
  84  8:19  Supply Depot  
  85  8:20  Armory  
  85  8:39  SCV x2, Marauder x3  
  85  8:41  SCV, Marauder, Marine x2  
  98  8:51  SCV  
  99  8:56  Medivac  
  101  9:06  Medivac  
  101  9:07  Marauder x3  
  101  9:09  Marauder  
  101  9:21  SCV x3  
  101  9:23  Planetary Fortress  
  104  9:25  Missile Turret  
  104  9:28  Missile Turret, Marauder x2  
  104  9:30  Marauder  
  110  9:33  SCV, Marauder  
  110  9:36  Widow Mine  
  115  9:38  Terran Infantry Armor Level 2, Terran Infantry Weapons Level 2  
  115  9:41  Command Center  
  115  9:47  SCV  
  116  9:53  Sensor Tower  
  116  9:56  Refinery  
  116  9:58  Refinery  
  116  10:04  Marauder  
  116  10:08  SCV  
  116  10:09  SCV x2, Widow Mine  
  116  10:10  Medivac, Marauder x2  
  116  10:12  Medivac  
  115  10:20  SCV  
  116  10:29  Barracks  
  116  10:30  Barracks  
  116  10:33  Terran Vehicle Weapons Level 1, Barracks  
  116  10:36  Barracks  
  116  10:45  Marauder  
  116  10:46  SCV, Medivac, Marauder x3, Marine x2  
  93  10:55  Widow Mine x2  
  91  11:04  Marine x2  
  93  11:06  Marauder  
  93  11:07  Marauder  
  93  11:08  Command Center, Marauder x2  
  101  11:14  Missile Turret, Planetary Fortress  
  101  11:15  Missile Turret  
  101  11:17  Medivac  
  103  11:21  Marine  
  103  11:22  Barracks Tech Lab x3  
  103  11:24  Barracks Tech Lab  
  104  11:27  Marauder  
  104  11:28  Marauder  
  104  11:29  Marauder x2  
  112  11:34  Refinery  
  112  11:35  Refinery  
  112  11:36  SCV  
  112  11:37  SCV x2  
  115  11:47  Marauder x2  
  115  11:48  Marauder, Marine x4  
  115  11:49  Marine  
  115  11:50  SCV x3, Marine  
  115  11:51  SCV  
  125  12:11  Marauder x3  
  131  12:19  Marine x3  
  131  12:20  Marauder x4  
  134  12:50  Marauder x5  
  134  12:51  SCV, Marauder x3  
  127  12:52  SCV  
  126  13:00  Terran Infantry Weapons Level 3, Terran Infantry Armor Level 3  
  126  13:02  Command Center x2  
  126  13:09  Planetary Fortress  
  126  13:10  SCV x4  
  126  13:11  SCV, Marauder x3  
  126  13:12  Marauder  
  139  13:16  Marine x4  
  139  13:17  Marauder  
  145  13:32  Marauder  
  145  13:40  Marauder x2  
  146  13:44  Marauder  
  142  13:49  Marauder  
  118  14:07  Marauder x6  
  115  14:13  Marauder x2, Marine  
  115  14:14  Marine  
  117  14:28  Medivac x2, Marauder x3, Marine x2  
  117  14:29  Marauder  
  131  14:41  Marauder  
  131  14:43  Marauder  
  131  14:48  Marauder x2  
  131  14:50  Marauder x2  
  131  15:18  Medivac x2, Marauder x4, Marine x2  
  145  15:23  Orbital Command  
  145  15:30  Marauder  
  145  15:36  Marauder  
  131  15:46  Widow Mine x2  
  131  15:48  Medivac  
  136  15:55  Marine  
  136  15:56  Marine x8  
  143  16:07  Widow Mine  
  142  16:32  Marine x7  
  131  16:34  Marine x2  
  131  16:36  Marine  
  131  16:37  Widow Mine  
  97  16:50  Marauder x4, Marine x2  
  97  16:52  Marine x2  
  108  16:56  Marauder, Marine  
  115  17:08  Marauder x2  
  115  17:10  Marine  
  116  17:17  Marine  
  116  17:22  Command Center  
  116  17:26  Marauder, Marine  
  116  17:28  Marine  
  114  17:30  Marauder x4  
  114  17:31  Marine x2  
  116  17:49  Medivac  
  116  17:50  Medivac  
  116  17:56  Marauder  
  116  18:07  Marauder x2  
  116  18:09  Marauder x4  
Tags
 
Add a new tag
Caveats
  • Supply blocks, unpowered buildings, or Contaminate may cause inaccurate times.
  • Supply counts are checked every 10 seconds.